Bruins vs Oilers

Created - 17 janvier 2018 at 18:23

Goals
1 2 3 T
Bruins 0 0 0 0
Oilers 1 0 0 1
Shots
1 2 3 T
Bruins 7 11 5 23
Oilers 6 10 7 23

1st period

1. Oilers , Michael Matheson 4 (Reilly Smith 30) at 18:59

Penalties :
Marc Methot (EDM) for Roughing (Minor) at 4:55, Jannik Hansen (EDM) for High sticking (Minor) at 13:37, Andrew Ladd (BOS) for High sticking (Minor) at 14:01

2nd period

No Goal

Penalties :
Corey Perry (BOS) for Tripping (Minor) at 2:59, Ryan Johansen (EDM) for High sticking (Minor) at 18:08

3rd period

No Goal

Penalties :
Mark Streit (BOS) for Slashing (Minor) at 3:48, Connor Brown (BOS) for High sticking (Minor) at 8:47, Brent Burns (EDM) for Hooking (Minor) at 18:00

Goalie Stats

Carey Price (BOS), 22 saves from 23 shots - (0.957), L, 18-15-1, 59:24 minutes
Martin Jones (EDM), 23 saves from 23 shots - (1.000), W, 24-9-3, 60:00 minutes

Players Stats for Bruins

Player Name              G  A  P  +/- PIM S  H  SB GA TA FO     MP     PP MP  PK MP  
------------------------------------------------------------------------------------
Andrew Copp              0  0  0   0  0   0  0  0  0  0  3/6     4:34   0:00   0:03 
Andrew Ladd              0  0  0   0  2   2  0  0  0  0  0/1    18:52   3:32   1:36 
Brendan Gallagher        0  0  0  -1  0   1  1  0  0  0  1/2    17:11   2:11   0:00 
Carl Soderberg           0  0  0   0  0   0  0  0  0  0  10/15  13:33   0:37   0:00 
Connor Brown             0  0  0   0  2   4  1  0  0  0  0/2    14:10   0:37   1:06 
Corey Perry              0  0  0   0  2   4  1  0  0  0  1/2    19:11   3:33   1:10 
Greg Pateryn             0  0  0   0  0   0  0  0  0  0  0/0     4:21   0:37   0:00 
Jake Guentzel            0  0  0   0  0   1  2  0  0  0  1/2    14:38   0:37   0:40 
Jake Muzzin              0  0  0  -1  0   0  2  2  0  0  0/0    21:58   2:40   2:49 
Leon Draisaitl           0  0  0  -1  0   4  1  0  0  0  9/18   22:06   2:11   4:05 
Mark Streit              0  0  0   0  2   0  0  0  0  0  0/0    12:15   0:37   0:00 
Melker Karlsson          0  0  0   0  0   1  0  0  0  0  0/0     4:31   0:00   0:00 
Noah Hanifin             0  0  0   0  0   0  1  1  0  0  0/0    11:39   0:00   0:00 
P.K. Subban              0  0  0   0  0   1  1  1  0  0  0/0    22:02   3:04   3:32 
Patrice Bergeron         0  0  0   0  0   3  1  0  0  0  13/26  26:04   3:33   4:02 
Ryan Spooner             0  0  0  -1  0   1  0  0  0  0  1/1    17:11   2:11   0:00 
Shea Weber               0  0  0   0  0   1  0  1  0  0  0/0    25:46   3:04   3:32 
Torey Krug               0  0  0  -1  0   0  1  1  0  0  0/0    21:58   2:40   2:49 

Players Stats for Oilers

Player Name              G  A  P  +/- PIM S  H  SB GA TA FO     MP     PP MP  PK MP  
------------------------------------------------------------------------------------
Aleksander Barkov        0  0  0   1  0   3  2  0  0  0  8/17   15:56   3:55   0:58 
Brad Marchand            0  0  0   0  0   5  0  0  0  0  2/3    17:57   3:55   0:00 
Brent Burns              0  0  0   0  2   2  0  0  0  0  0/0    20:17   4:08   0:00 
Brett Ritchie            0  0  0   0  0   0  1  0  0  0  0/1     9:58   0:00   0:00 
Brock McGinn             0  0  0   0  0   2  1  0  0  0  0/0    12:11   0:00   0:00 
Dominic Moore            0  0  0   0  0   0  0  0  0  0  4/10   12:46   1:36   2:48 
Emerson Etem             0  0  0   0  0   0  0  0  0  0  1/1     9:58   0:00   0:00 
Francois Beauchemin      0  0  0   0  0   0  0  0  0  0  0/0    20:41   1:46   1:30 
Jannik Hansen            0  0  0   0  2   0  2  0  0  0  0/1    14:27   0:00   3:00 
Justin Williams          0  0  0   0  0   2  0  0  0  0  0/1    15:37   2:26   0:00 
Marc Methot              0  0  0   1  2   0  1  0  0  0  0/0    16:48   2:01   1:50 
Marc-Edouard Vlasic      0  0  0   0  0   0  0  3  0  0  0/0    22:30   2:34   3:01 
Michael Grabner          0  0  0   1  0   5  1  0  0  0  0/3    15:45   0:00   3:47 
Michael Matheson         1  0  1   1  0   1  0  2  0  0  0/0    18:32   0:25   3:16 
Reilly Smith             0  1  1   1  0   1  1  1  0  0  1/1    13:32   2:26   0:00 
Ron Hainsey              0  0  0   0  0   0  3  1  0  0  0/0    21:10   1:48   3:05 
Ryan Getzlaf             0  0  0   0  0   2  2  0  0  0  8/19   17:06   3:55   0:00 
Ryan Johansen            0  0  0   0  2   0  0  0  0  0  12/18  16:49   0:50   2:09 

3 Stars

1 - Martin Jones (EDM)
2 - Michael Matheson (EDM)
3 - Carey Price (BOS)

Power Play

Bruins - 0 on 4 Attempt(s) - 0.00%
Oilers - 0 on 4 Attempt(s) - 0.00%

Penalty Kill

Bruins - 4 on 4 Attempt(s) - 100.00% - Score 0 goal in Penalty Kill
Oilers - 4 on 4 Attempt(s) - 100.00% - Score 0 goal in Penalty Kill

Team Stat

Bruins - Hits : 12 - Faceoff Wins : 39 - Blocked Shots : 6 - Penalty Minutes : 8
Oilers - Hits : 14 - Faceoff Wins : 36 - Blocked Shots : 7 - Penalty Minutes : 8

Official

Referees : Mike Leggo and Steve Kozari
Linesman : Andy McElman and Pierre Racicot

Game Notes

No Game Note

Finance

Level 1 -- Attendance: 6474 (99.60%) -- Ticket Income 602 082 $
Level 2 -- Attendance: 4685 (93.70%) -- Ticket Income 342 005 $
Level 3 -- Attendance: 2740 (78.29%) -- Ticket Income 178 100 $
Level 4 -- Attendance: 839 (100.00%) -- Ticket Income 52 018 $
Luxury Box -- Attendance: 963 (96.30%) -- Ticket Income 187 785 $
Game was played at the Rexall Place.
Total Attendance: 15701 (93.24%)
Total Ticket Income: 1 361 990 $
Other Income: 204 298 $
Total Income: 1 566 288 $

% Time on Ice - Bruins

Lines # - Real PCT - Wanted PCT - Time Play
Normal Forward
1 - 30% - 40% - 13:44
2 - 33% - 30% - 15:00
3 - 27% - 20% - 12:28
4 - 10% - 10% - 4:31
Normal Defense
1 - 32% - 40% - 14:36
2 - 34% - 30% - 15:44
3 - 25% - 20% - 11:39
4 - 8% - 10% - 3:44
PP Forward
1 - 66% - 60% - 4:10
2 - 34% - 40% - 2:11
PP Defense
1 - 58% - 60% - 3:41
2 - 42% - 40% - 2:40
PK Forward
1 - 75% - 60% - 4:45
2 - 25% - 40% - 1:36
PK Defense
1 - 56% - 60% - 3:32
2 - 44% - 40% - 2:49
PK3 Forward
1 - 0% - 60%
2 - 0% - 40%
PK3 Defense
1 - 0% - 60%
2 - 0% - 40%
44 Forward
1 - 53% - 60% - 0:50
2 - 47% - 40% - 0:45
44 Defense
1 - 53% - 60% - 0:50
2 - 47% - 40% - 0:45
Last Minute Offensive  - 0:00
Last Minute Defensive  - 0:00
Total
Forward - 60:00
Defense - 60:00

% Time on Ice - Oilers

Lines # - Real PCT - Wanted PCT - Time Play
Normal Forward
1 - 29% - 36% - 13:11
2 - 24% - 31% - 11:06
3 - 25% - 28% - 11:28
4 - 22% - 5% - 9:58
Normal Defense
1 - 35% - 37% - 15:52
2 - 32% - 33% - 14:43
3 - 31% - 30% - 13:59
4 - 3% - 0% - 1:09
PP Forward
1 - 62% - 65% - 3:55
2 - 38% - 35% - 2:26
PP Defense
1 - 53% - 65% - 3:21
2 - 47% - 35% - 3:00
PK Forward
1 - 53% - 50% - 3:21
2 - 47% - 50% - 3:00
PK Defense
1 - 51% - 50% - 3:16
2 - 49% - 50% - 3:05
PK3 Forward
1 - 0% - 50%
2 - 0% - 50%
PK3 Defense
1 - 0% - 50%
2 - 0% - 50%
44 Forward
1 - 55% - 50% - 0:52
2 - 45% - 50% - 0:43
44 Defense
1 - 55% - 50% - 0:52
2 - 45% - 50% - 0:43
Last Minute Offensive  - 0:00
Last Minute Defensive  - 0:00
Total
Forward - 60:00
Defense - 60:00

Play by Play

1st period


0:01 of 1st period - Corey Perry wins face-off versus Ryan Getzlaf in neutral zone.
0:18 of 1st period - Shot by Brent Burns.
0:18 of 1st period - Stopped by Carey Price with a rebound.
1:44 of 1st period - Icing by Mark Streit.
1:45 of 1st period - Carl Soderberg wins face-off versus Ryan Johansen in Bruins zone.
1:45 of 1st period - Carl Soderberg is hit by Jannik Hansen.
2:03 of 1st period - Shot by Jake Guentzel.
2:03 of 1st period - Shot Misses the Net.
2:05 of 1st period - Shot by Jake Guentzel.
2:05 of 1st period - Shot Misses the Net.
2:46 of 1st period - Shot by Melker Karlsson.
2:46 of 1st period - Stopped by Martin Jones with a rebound.
2:51 of 1st period - Icing by Francois Beauchemin.
2:52 of 1st period - Leon Draisaitl wins face-off versus Dominic Moore in Oilers zone.
3:39 of 1st period - Icing by Torey Krug.
3:40 of 1st period - Brendan Gallagher wins face-off versus Ryan Getzlaf in Bruins zone.
4:55 of 1st period - Minor Penalty to Marc Methot for Roughing.
4:56 of 1st period - Ryan Johansen wins face-off versus Patrice Bergeron in Oilers zone.
5:09 of 1st period - Shot by Patrice Bergeron.
5:09 of 1st period - Stopped by Martin Jones without a rebound.
5:10 of 1st period - Dominic Moore wins face-off versus Andrew Ladd in Oilers zone.
5:55 of 1st period - Shot by Dominic Moore.
5:55 of 1st period - Deflect By Michael Grabner.
5:55 of 1st period - Stopped by Carey Price with a rebound.
6:39 of 1st period - Icing by Connor Brown.
6:40 of 1st period - Ryan Johansen wins face-off versus Jake Guentzel in Bruins zone.
7:04 of 1st period - Shot by Justin Williams.
7:04 of 1st period - Shot Misses the Net.
7:26 of 1st period - Shot by Brad Marchand.
7:26 of 1st period - Shot Misses the Net.
7:29 of 1st period - Icing by Patrice Bergeron.
7:30 of 1st period - Ryan Johansen wins face-off versus Andrew Copp in Bruins zone.
9:37 of 1st period - Off-side.
9:38 of 1st period - Patrice Bergeron wins face-off versus Dominic Moore in neutral zone.
10:52 of 1st period - Shot by Brent Burns.
10:52 of 1st period - Deflect By Justin Williams.
10:52 of 1st period - Shot Blocked by P.K. Subban.
11:34 of 1st period - Shot by Michael Grabner.
11:34 of 1st period - Deflect By Aleksander Barkov.
11:34 of 1st period - Stopped by Carey Price without a rebound.
11:35 of 1st period - Ryan Johansen wins face-off versus Carl Soderberg in Bruins zone.
11:35 of 1st period - Michael Matheson is hit by Noah Hanifin and loses puck.
12:06 of 1st period - Shot by Connor Brown.
12:06 of 1st period - Deflect By Carl Soderberg.
12:06 of 1st period - Shot Blocked by Michael Matheson.
12:08 of 1st period - Shot by Connor Brown.
12:08 of 1st period - Stopped by Martin Jones without a rebound.
12:09 of 1st period - Leon Draisaitl wins face-off versus Ryan Getzlaf in Oilers zone.
12:12 of 1st period - Shot by Leon Draisaitl.
12:12 of 1st period - Stopped by Martin Jones without a rebound.
12:13 of 1st period - Ryan Getzlaf wins face-off versus Leon Draisaitl in Oilers zone.
12:31 of 1st period - Off-side.
12:32 of 1st period - Carl Soderberg wins face-off versus Aleksander Barkov in neutral zone.
12:34 of 1st period - Off-side.
12:35 of 1st period - Carl Soderberg wins face-off versus Aleksander Barkov in neutral zone.
12:40 of 1st period - Shot by Connor Brown.
12:40 of 1st period - Shot Blocked by Reilly Smith.
12:42 of 1st period - Shot by Jake Guentzel.
12:42 of 1st period - Stopped by Martin Jones without a rebound.
12:43 of 1st period - Ryan Johansen wins face-off versus Leon Draisaitl in Oilers zone.
12:50 of 1st period - Shot by Brent Burns.
12:50 of 1st period - Shot Blocked by Torey Krug.
12:58 of 1st period - Shot by Jannik Hansen.
12:58 of 1st period - Deflect By Ryan Johansen.
12:58 of 1st period - Shot Misses the Net.
13:00 of 1st period - Shot by Brent Burns.
13:00 of 1st period - Shot Misses the Net.
13:06 of 1st period - Shot by Ryan Johansen.
13:06 of 1st period - Deflect By Jannik Hansen.
13:06 of 1st period - Shot Misses the Net.
13:11 of 1st period - Ryan Johansen is hit by Jake Muzzin and loses puck.
13:37 of 1st period - Minor Penalty to Jannik Hansen for High sticking.
13:38 of 1st period - Dominic Moore wins face-off versus Patrice Bergeron in Oilers zone.
13:38 of 1st period - Dominic Moore is hit by Corey Perry.
14:00 of 1st period - Ron Hainsey is hit by Patrice Bergeron and loses puck.
14:01 of 1st period - Minor Penalty to Andrew Ladd for High sticking.
14:02 of 1st period - Dominic Moore wins face-off versus Patrice Bergeron in Bruins zone.
14:21 of 1st period - Shot by P.K. Subban.
14:21 of 1st period - Shot Misses the Net.
15:19 of 1st period - Shot by Corey Perry.
15:19 of 1st period - Stopped by Martin Jones without a rebound.
15:20 of 1st period - Jake Guentzel wins face-off versus Dominic Moore in Oilers zone.
15:27 of 1st period - Shot by Corey Perry.
15:27 of 1st period - Shot Misses the Net.
15:39 of 1st period - Shot by Connor Brown.
15:39 of 1st period - Stopped by Martin Jones without a rebound.
15:40 of 1st period - Ryan Getzlaf wins face-off versus Patrice Bergeron in Oilers zone.
15:40 of 1st period - Ryan Getzlaf is hit by Leon Draisaitl.
16:06 of 1st period - Off-side.
16:07 of 1st period - Ryan Getzlaf wins face-off versus Carl Soderberg in neutral zone.
16:10 of 1st period - Shot by Brad Marchand.
16:10 of 1st period - Stopped by Carey Price without a rebound.
16:11 of 1st period - Carl Soderberg wins face-off versus Aleksander Barkov in Bruins zone.
16:47 of 1st period - Icing by Michael Matheson.
16:48 of 1st period - Aleksander Barkov wins face-off versus Patrice Bergeron in Oilers zone.
16:56 of 1st period - Off-side.
16:57 of 1st period - Leon Draisaitl wins face-off versus Ryan Getzlaf in neutral zone.
16:59 of 1st period - Off-side.
17:00 of 1st period - Ryan Getzlaf wins face-off versus Patrice Bergeron in neutral zone.
17:07 of 1st period - Shot by Brad Marchand.
17:07 of 1st period - Stopped by Carey Price without a rebound.
17:08 of 1st period - Patrice Bergeron wins face-off versus Ryan Getzlaf in Bruins zone.
17:17 of 1st period - Shot by Ryan Getzlaf.
17:17 of 1st period - Shot Misses the Net.
17:48 of 1st period - Patrice Bergeron is hit by Ron Hainsey and loses puck.
18:57 of 1st period - Shot by Reilly Smith.
18:57 of 1st period - Shot Misses the Net.
18:59 of 1st period - Shot by Michael Matheson.
18:59 of 1st period - Goal by Michael Matheson - Bruins : 0 - Oilers : 1.
19:00 of 1st period - Carl Soderberg wins face-off versus Dominic Moore in neutral zone.
19:03 of 1st period - Shot by Noah Hanifin.
19:03 of 1st period - Shot Misses the Net.
19:21 of 1st period - Shot by Jake Guentzel.
19:21 of 1st period - Shot Misses the Net.
Goals for this period are 0 for Bruins vs 1 for Oilers.
Shots for this period are 7 for Bruins vs 6 for Oilers.

2nd period


0:01 of 2nd period - Patrice Bergeron wins face-off versus Aleksander Barkov in neutral zone.
0:15 of 2nd period - Icing by Shea Weber.
0:16 of 2nd period - Ryan Getzlaf wins face-off versus Patrice Bergeron in Bruins zone.
0:21 of 2nd period - Shot by Brad Marchand.
0:21 of 2nd period - Shot Misses the Net.
0:23 of 2nd period - Shot by Brad Marchand.
0:23 of 2nd period - Shot Misses the Net.
0:35 of 2nd period - Shot by Corey Perry.
0:35 of 2nd period - Stopped by Martin Jones without a rebound.
0:36 of 2nd period - Leon Draisaitl wins face-off versus Aleksander Barkov in Oilers zone.
1:11 of 2nd period - Brendan Gallagher is hit by Michael Grabner and loses puck.
1:48 of 2nd period - Shot by Patrice Bergeron.
1:48 of 2nd period - Stopped by Martin Jones without a rebound.
1:49 of 2nd period - Ryan Johansen wins face-off versus Carl Soderberg in Oilers zone.
1:56 of 2nd period - Shot by Jannik Hansen.
1:56 of 2nd period - Shot Misses the Net.
2:02 of 2nd period - Shot by Brock McGinn.
2:02 of 2nd period - Stopped by Carey Price with a rebound.
2:59 of 2nd period - Minor Penalty to Corey Perry for Tripping.
3:00 of 2nd period - Aleksander Barkov wins face-off versus Patrice Bergeron in Bruins zone.
3:01 of 2nd period - Shot by Brad Marchand.
3:01 of 2nd period - Shot Misses the Net.
3:03 of 2nd period - Shot by Aleksander Barkov.
3:03 of 2nd period - Stopped by Carey Price with a rebound.
3:09 of 2nd period - Shot by Brad Marchand.
3:09 of 2nd period - Stopped by Carey Price without a rebound.
3:10 of 2nd period - Patrice Bergeron wins face-off versus Brad Marchand in Bruins zone.
3:46 of 2nd period - Shot by Ryan Getzlaf.
3:46 of 2nd period - Shot Misses the Net.
4:05 of 2nd period - Icing by Brent Burns.
4:06 of 2nd period - Ryan Johansen wins face-off versus Connor Brown in Oilers zone.
4:06 of 2nd period - Ryan Johansen is hit by Connor Brown.
4:18 of 2nd period - Shot by Justin Williams.
4:18 of 2nd period - Stopped by Carey Price without a rebound.
4:19 of 2nd period - Ryan Johansen wins face-off versus Connor Brown in Bruins zone.
4:20 of 2nd period - Shot by Reilly Smith.
4:20 of 2nd period - Stopped by Carey Price without a rebound.
4:21 of 2nd period - Patrice Bergeron wins face-off versus Ryan Johansen in Bruins zone.
4:46 of 2nd period - Shot by Brent Burns.
4:46 of 2nd period - Stopped by Carey Price without a rebound.
4:47 of 2nd period - Ryan Getzlaf wins face-off versus Patrice Bergeron in Bruins zone.
5:01 of 2nd period - Dominic Moore is hit by Torey Krug and loses puck.
5:39 of 2nd period - Michael Matheson is hit by Jake Muzzin and loses puck.
5:49 of 2nd period - Off-side.
5:50 of 2nd period - Patrice Bergeron wins face-off versus Ryan Getzlaf in neutral zone.
6:47 of 2nd period - Icing by Ron Hainsey.
6:48 of 2nd period - Aleksander Barkov wins face-off versus Leon Draisaitl in Oilers zone.
6:48 of 2nd period - Aleksander Barkov is hit by Brendan Gallagher.
7:00 of 2nd period - Shot by Michael Grabner.
7:00 of 2nd period - Stopped by Carey Price without a rebound.
7:01 of 2nd period - Ryan Johansen wins face-off versus Carl Soderberg in Bruins zone.
7:04 of 2nd period - Shot by Brock McGinn.
7:04 of 2nd period - Shot Blocked by Jake Muzzin.
7:18 of 2nd period - Shot by Jake Guentzel.
7:18 of 2nd period - Deflect By Connor Brown.
7:18 of 2nd period - Stopped by Martin Jones without a rebound.
7:19 of 2nd period - Reilly Smith wins face-off versus Brendan Gallagher in Oilers zone.
7:24 of 2nd period - Leon Draisaitl is hit by Aleksander Barkov and loses puck.
7:41 of 2nd period - Shot by Michael Grabner.
7:41 of 2nd period - Stopped by Carey Price without a rebound.
7:42 of 2nd period - Patrice Bergeron wins face-off versus Ryan Getzlaf in Bruins zone.
7:58 of 2nd period - Icing by Ron Hainsey.
7:59 of 2nd period - Carl Soderberg wins face-off versus Justin Williams in Oilers zone.
8:22 of 2nd period - Shot by Justin Williams.
8:22 of 2nd period - Shot Misses the Net.
9:58 of 2nd period - Shot by Leon Draisaitl.
9:58 of 2nd period - Stopped by Martin Jones without a rebound.
9:59 of 2nd period - Andrew Copp wins face-off versus Brett Ritchie in Oilers zone.
10:15 of 2nd period - Melker Karlsson is hit by Brett Ritchie and loses puck.
10:26 of 2nd period - Shot by Brett Ritchie.
10:26 of 2nd period - Shot Misses the Net.
10:52 of 2nd period - Icing by Torey Krug.
10:53 of 2nd period - Ryan Getzlaf wins face-off versus Leon Draisaitl in Bruins zone.
11:16 of 2nd period - Shot by Leon Draisaitl.
11:16 of 2nd period - Shot Blocked by Marc-Edouard Vlasic.
11:32 of 2nd period - Shot by Justin Williams.
11:32 of 2nd period - Deflect By Brad Marchand.
11:32 of 2nd period - Stopped by Carey Price with a rebound.
11:54 of 2nd period - Shot by Jannik Hansen.
11:54 of 2nd period - Shot Misses the Net.
12:41 of 2nd period - Shot by Corey Perry.
12:41 of 2nd period - Stopped by Martin Jones without a rebound.
12:42 of 2nd period - Aleksander Barkov wins face-off versus Andrew Copp in Oilers zone.
12:53 of 2nd period - Icing by Melker Karlsson.
12:54 of 2nd period - Andrew Copp wins face-off versus Ryan Getzlaf in Bruins zone.
13:06 of 2nd period - Melker Karlsson is hit by Ron Hainsey and loses puck.
13:27 of 2nd period - Icing by Marc-Edouard Vlasic.
13:28 of 2nd period - Leon Draisaitl wins face-off versus Ryan Getzlaf in Oilers zone.
13:53 of 2nd period - Brendan Gallagher is hit by Ryan Getzlaf and loses puck.
14:14 of 2nd period - Jake Muzzin is hit by Reilly Smith and loses puck.
14:31 of 2nd period - Shot by Aleksander Barkov.
14:31 of 2nd period - Stopped by Carey Price without a rebound.
14:32 of 2nd period - Carl Soderberg wins face-off versus Ryan Johansen in Bruins zone.
14:32 of 2nd period - Carl Soderberg is hit by Jannik Hansen.
14:47 of 2nd period - Jake Guentzel is hit by Marc Methot.
14:53 of 2nd period - Jannik Hansen is hit by Jake Guentzel and loses puck.
15:26 of 2nd period - Shot by Corey Perry.
15:26 of 2nd period - Stopped by Martin Jones without a rebound.
15:27 of 2nd period - Patrice Bergeron wins face-off versus Aleksander Barkov in Oilers zone.
16:00 of 2nd period - Shot by Patrice Bergeron.
16:00 of 2nd period - Shot Misses the Net.
16:04 of 2nd period - Shot by Patrice Bergeron.
16:04 of 2nd period - Shot Misses the Net.
17:02 of 2nd period - Carl Soderberg is hit by Ryan Getzlaf and loses puck.
17:06 of 2nd period - Icing by Jake Muzzin.
17:07 of 2nd period - Carl Soderberg wins face-off versus Dominic Moore in Bruins zone.
17:12 of 2nd period - Marc Methot is hit by Jake Guentzel and loses puck.
17:35 of 2nd period - Shot by Jake Guentzel.
17:35 of 2nd period - Shot Misses the Net.
17:45 of 2nd period - Shot by Corey Perry.
17:45 of 2nd period - Shot Blocked by Michael Matheson.
17:51 of 2nd period - Shot by Andrew Ladd.
17:51 of 2nd period - Stopped by Martin Jones without a rebound.
17:52 of 2nd period - Ryan Johansen wins face-off versus Andrew Copp in Oilers zone.
18:08 of 2nd period - Minor Penalty to Ryan Johansen for High sticking.
18:09 of 2nd period - Patrice Bergeron wins face-off versus Michael Grabner in Oilers zone.
18:40 of 2nd period - Shot by Shea Weber.
18:40 of 2nd period - Shot Misses the Net.
18:42 of 2nd period - Shot by Andrew Ladd.
18:42 of 2nd period - Shot Misses the Net.
18:44 of 2nd period - Shot by P.K. Subban.
18:44 of 2nd period - Stopped by Martin Jones without a rebound.
18:45 of 2nd period - Ryan Spooner wins face-off versus Aleksander Barkov in Oilers zone.
18:46 of 2nd period - Shot by Brendan Gallagher.
18:46 of 2nd period - Shot Misses the Net.
19:00 of 2nd period - Shot by Leon Draisaitl.
19:00 of 2nd period - Stopped by Martin Jones without a rebound.
19:01 of 2nd period - Leon Draisaitl wins face-off versus Michael Grabner in Oilers zone.
19:17 of 2nd period - Leon Draisaitl is hit by Ron Hainsey and loses puck.
19:24 of 2nd period - Shot by Brendan Gallagher.
19:24 of 2nd period - Stopped by Martin Jones with a rebound.
19:26 of 2nd period - Shot by Ryan Spooner.
19:26 of 2nd period - Shot Blocked by Marc-Edouard Vlasic.
19:28 of 2nd period - Shot by Brendan Gallagher.
19:28 of 2nd period - Shot Misses the Net.
19:30 of 2nd period - Shot by Jake Muzzin.
19:30 of 2nd period - Shot Misses the Net.
19:32 of 2nd period - Shot by Jake Muzzin.
19:32 of 2nd period - Shot Misses the Net.
19:48 of 2nd period - Shot by Patrice Bergeron.
19:48 of 2nd period - Deflect By Corey Perry.
19:48 of 2nd period - Shot Misses the Net.
19:58 of 2nd period - Shot by Shea Weber.
19:58 of 2nd period - Deflect By Patrice Bergeron.
19:58 of 2nd period - Stopped by Martin Jones without a rebound.
19:59 of 2nd period - Patrice Bergeron wins face-off versus Aleksander Barkov in Oilers zone.
Goals for this period are 0 for Bruins vs 0 for Oilers.
Shots for this period are 11 for Bruins vs 10 for Oilers.

3rd period


0:01 of 3rd period - Patrice Bergeron wins face-off versus Michael Grabner in neutral zone.
0:40 of 3rd period - Shot by Justin Williams.
0:40 of 3rd period - Deflect By Brad Marchand.
0:40 of 3rd period - Stopped by Carey Price with a rebound.
0:42 of 3rd period - Shot by Francois Beauchemin.
0:42 of 3rd period - Shot Blocked by Jake Muzzin.
1:26 of 3rd period - Shot by Corey Perry.
1:26 of 3rd period - Shot Misses the Net.
1:28 of 3rd period - Shot by Patrice Bergeron.
1:28 of 3rd period - Shot Misses the Net.
1:30 of 3rd period - Shot by Andrew Ladd.
1:30 of 3rd period - Stopped by Martin Jones without a rebound.
1:31 of 3rd period - Carl Soderberg wins face-off versus Jannik Hansen in Oilers zone.
2:07 of 3rd period - Shot by Connor Brown.
2:07 of 3rd period - Stopped by Martin Jones with a rebound.
2:12 of 3rd period - Icing by Ryan Johansen.
2:13 of 3rd period - Patrice Bergeron wins face-off versus Ryan Johansen in Oilers zone.
2:48 of 3rd period - Shot by Patrice Bergeron.
2:48 of 3rd period - Shot Misses the Net.
3:21 of 3rd period - Shot by Ryan Spooner.
3:21 of 3rd period - Shot Misses the Net.
3:23 of 3rd period - Shot by Ryan Spooner.
3:23 of 3rd period - Shot Misses the Net.
3:25 of 3rd period - Shot by Jake Muzzin.
3:25 of 3rd period - Shot Blocked by Ron Hainsey.
3:29 of 3rd period - Shot by Ryan Spooner.
3:29 of 3rd period - Shot Misses the Net.
3:31 of 3rd period - Shot by Leon Draisaitl.
3:31 of 3rd period - Shot Misses the Net.
3:33 of 3rd period - Shot by Brendan Gallagher.
3:33 of 3rd period - Shot Misses the Net.
3:37 of 3rd period - Shot by Ryan Spooner.
3:37 of 3rd period - Stopped by Martin Jones without a rebound.
3:38 of 3rd period - Aleksander Barkov wins face-off versus Carl Soderberg in Oilers zone.
3:48 of 3rd period - Minor Penalty to Mark Streit for Slashing.
3:49 of 3rd period - Brad Marchand wins face-off versus Patrice Bergeron in Bruins zone.
3:49 of 3rd period - Brad Marchand is hit by P.K. Subban.
4:03 of 3rd period - Shot by Brad Marchand.
4:03 of 3rd period - Shot Misses the Net.
4:19 of 3rd period - Shot by Brad Marchand.
4:19 of 3rd period - Deflect By Ryan Getzlaf.
4:19 of 3rd period - Shot Misses the Net.
4:21 of 3rd period - Shot by Marc Methot.
4:21 of 3rd period - Shot Misses the Net.
4:23 of 3rd period - Shot by Brad Marchand.
4:23 of 3rd period - Shot Misses the Net.
4:25 of 3rd period - Shot by Marc Methot.
4:25 of 3rd period - Shot Misses the Net.
4:27 of 3rd period - Shot by Brent Burns.
4:27 of 3rd period - Shot Blocked by Shea Weber.
4:29 of 3rd period - Shot by Marc Methot.
4:29 of 3rd period - Shot Misses the Net.
4:31 of 3rd period - Shot by Aleksander Barkov.
4:31 of 3rd period - Deflect By Brad Marchand.
4:31 of 3rd period - Shot Misses the Net.
5:48 of 3rd period - Shot by Brad Marchand.
5:48 of 3rd period - Shot Blocked by Noah Hanifin.
5:50 of 3rd period - Shot by Ryan Johansen.
5:50 of 3rd period - Shot Misses the Net.
6:29 of 3rd period - Icing by Ryan Johansen.
6:30 of 3rd period - Leon Draisaitl wins face-off versus Ryan Johansen in Oilers zone.
8:31 of 3rd period - Shot by Ryan Getzlaf.
8:31 of 3rd period - Stopped by Carey Price without a rebound.
8:32 of 3rd period - Aleksander Barkov wins face-off versus Leon Draisaitl in Bruins zone.
8:39 of 3rd period - Shot by Michael Grabner.
8:39 of 3rd period - Stopped by Carey Price without a rebound.
8:40 of 3rd period - Carl Soderberg wins face-off versus Ryan Getzlaf in Bruins zone.
8:47 of 3rd period - Minor Penalty to Connor Brown for High sticking.
8:48 of 3rd period - Patrice Bergeron wins face-off versus Ryan Getzlaf in Bruins zone.
9:22 of 3rd period - Shot by Ryan Getzlaf.
9:22 of 3rd period - Stopped by Carey Price without a rebound.
9:23 of 3rd period - Ryan Getzlaf wins face-off versus Corey Perry in Bruins zone.
10:25 of 3rd period - Icing by Justin Williams.
10:26 of 3rd period - Dominic Moore wins face-off versus Patrice Bergeron in Oilers zone.
10:43 of 3rd period - Shot by Ron Hainsey.
10:43 of 3rd period - Shot Misses the Net.
11:18 of 3rd period - Shot by Jake Guentzel.
11:18 of 3rd period - Shot Blocked by Marc-Edouard Vlasic.
11:53 of 3rd period - Shot by Brendan Gallagher.
11:53 of 3rd period - Deflect By Leon Draisaitl.
11:53 of 3rd period - Stopped by Martin Jones without a rebound.
11:54 of 3rd period - Brad Marchand wins face-off versus Patrice Bergeron in Oilers zone.
11:59 of 3rd period - Shot by Reilly Smith.
11:59 of 3rd period - Shot Misses the Net.
12:44 of 3rd period - Off-side.
12:45 of 3rd period - Emerson Etem wins face-off versus Leon Draisaitl in neutral zone.
15:38 of 3rd period - Icing by Marc-Edouard Vlasic.
15:39 of 3rd period - Leon Draisaitl wins face-off versus Dominic Moore in Oilers zone.
17:22 of 3rd period - Shot by Justin Williams.
17:22 of 3rd period - Stopped by Carey Price without a rebound.
17:23 of 3rd period - Leon Draisaitl wins face-off versus Aleksander Barkov in Bruins zone.
17:23 of 3rd period - Leon Draisaitl is hit by Aleksander Barkov.
17:31 of 3rd period - Shot by Michael Grabner.
17:31 of 3rd period - Stopped by Carey Price without a rebound.
17:32 of 3rd period - Andrew Copp wins face-off versus Ryan Johansen in Bruins zone.
17:32 of 3rd period - Shea Weber is hit by Brock McGinn and loses puck.
17:37 of 3rd period - Shot by Brock McGinn.
17:37 of 3rd period - Stopped by Carey Price without a rebound.
17:38 of 3rd period - Aleksander Barkov wins face-off versus Leon Draisaitl in Bruins zone.
18:00 of 3rd period - Minor Penalty to Brent Burns for Hooking.
18:01 of 3rd period - Ryan Johansen wins face-off versus Patrice Bergeron in Oilers zone.
19:14 of 3rd period - Off-side.
19:15 of 3rd period - Aleksander Barkov wins face-off versus Leon Draisaitl in neutral zone.
19:24 of 3rd period - Bruins, Carey Price is pulled from the net.
19:40 of 3rd period - Shot by Shea Weber.
19:40 of 3rd period - Stopped by Martin Jones without a rebound.
19:41 of 3rd period - Ryan Johansen wins face-off versus Leon Draisaitl in Oilers zone.
Goals for this period are 0 for Bruins vs 0 for Oilers.
Shots for this period are 5 for Bruins vs 7 for Oilers.